 Dungeon Crawl Stone Soup version 0.23-a0-490-ge7ea69a (webtiles) character file.

56 qvsushi the Ruffian (level 3, -3/36 HPs)
             Began as a Troll Monk on Dec 2, 2018.
             Slain by a centaur (4 damage)
             ... on level 3 of the Dungeon.
             The game lasted 00:04:36 (1546 turns).

qvsushi the Ruffian (Troll Monk)                    Turns: 1546, Time: 00:04:36

Health: -3/36      AC:  5    Str: 19    XL:     3   Next: 69%
Magic:  0/2        EV: 11    Int:  6    God:
Gold:   173        SH:  0    Dex: 13    Spells: 2/2 levels left

rFire    . . .     SeeInvis .     - Unarmed
rCold    . . .     Gourm    +   (no shield)
rNeg     . . .     Faith    .   a - +0 robe
rPois    .         Spirit   +   (helmet restricted)
rElec    .         Reflect  .   i - scarf {Spirit}
rCorr    .         Harm     .   (gloves unavailable)
MR       .....                  (boots unavailable)
Stlth    ++........             f - amulet of rage
HPRegen  0.52/turn              (no ring)
MPRegen  0.08/turn              (no ring)

@: no status effects
A: large, unfitting armour, claws 3, fast metabolism 3, gourmand, regeneration
1, shaggy fur 1, tough skin 2
a: Evoke Berserk Rage


You were on level 3 of the Dungeon.
You were very full.

You visited 1 branch of the dungeon, and saw 3 of its levels.

You collected 173 gold pieces.

Inventory:

Armour
 a - a +0 robe (worn)
 i - a scarf of spirit shield (worn)
Jewellery
 f - an amulet of rage (around neck)
Wands
 o - a wand of random effects (12)
Scrolls
 c - 2 scrolls of blinking
 d - 5 scrolls of identify
 g - a scroll of random uselessness {unknown}
 h - 2 scrolls of remove curse
 j - 4 scrolls of immolation {unknown}
 k - a scroll of teleportation {unknown}
 l - a scroll of enchant weapon {unknown}
 n - a scroll of noise {unknown}
Potions
 e - a potion of resistance {unknown}
 m - a potion of brilliance {unknown}
Comestibles
 b - 6 rations


   Skills:
 + Level 2.9 Fighting
 + Level 3.0 Dodging
 - Level 1.0 Stealth
 + Level 3.7 Unarmed Combat


You had 2 spell levels left.
You didn't know any spells.
Your spell library was empty.

Dungeon Overview and Level Annotations

Branches:
Dungeon (3/15)

Altars:


Innate Abilities, Weirdness & Mutations

You are too large for most types of armour.
You have claws for hands.
Your metabolism is lightning-fast.
You like to eat raw meat.
Your natural rate of healing is unusually fast.
You are covered in fur. (AC +1)
You have very tough skin. (AC +2)


Message History

Your Dodging skill increases to level 3!
The centaur unwields a +0 shortbow.
The centaur barely misses you.
You barely miss the centaur. The centaur hits you.
You completely miss the centaur. The centaur hits you!
You scratch the centaur.
The centaur is lightly wounded.
The centaur hits you.
A frilled lizard comes into view.
The centaur closely misses you.
The frilled lizard hisses angrily.
You scratch the centaur.
The centaur is moderately wounded.
The centaur hits you!
* * * LOW HITPOINT WARNING * * *
You closely miss the centaur.
The centaur is moderately wounded.
The centaur hits you!
* * * LOW HITPOINT WARNING * * *
The centaur hits you.
You die...

###############
..............####.#.#
...................'.#
#######..#####(###.#.
.........# #..#
###......### ##.##
##.......#.##((#
#..####.#....(#
####..## .#?###@#
.......# #<.....c..#
.......# #.#####...#
.....#.#.. ....#
######.#$ .l#.# #.#
###... #.# '#.# #.# .
.# #.#


You could see a centaur and a frilled lizard.

Vanquished Creatures
  2 adders
  A dart slug (D:2)
  A leopard gecko (D:1)
  A ball python (D:3)
  10 bats
  A giant cockroach (D:1)
  4 goblins
  4 hobgoblins
  A quokka (D:2)
  3 frilled lizards
  2 kobolds
  6 rats
36 creatures vanquished.

Notes
Turn   | Place    | Note
-------+----------+-------------------------------------------
     0 | D:1      | qvsushi the Troll Monk began the quest for the Orb.
     0 | D:1      | Reached XP level 1. HP: 22/22 MP: 0/0
   239 | D:1      | Reached XP level 2. HP: 29/29 MP: 1/1
  1047 | D:2      | Reached XP level 3. HP: 36/36 MP: 2/2
  1535 | D:3      | Noticed a centaur
  1546 | D:3      | HP: 1/36 [centaur (7)]
  1546 | D:3      | Slain by a centaur

Vault maps used:
D:1:      scummos_arrival_simple_fountains
D:2:      first_ration
D:3:      grunt_temple_overflow_cloverleaf, serial_bayou_lagoon_a

Skill      XL: |  1  2  3 |
---------------+----------+-----
Dodging        | 3 |  3.0
Fighting       | |  2.9
Stealth        | |  1.0
Unarmed Combat | |  3.7

Action                   || total
-------------------------++-------
Melee: Unarmed           ||    91
       Punch             ||     1
  Use: Scroll            ||     4
       Potion            ||     3
 Stab: Sleeping          ||     1
  Eat: Chunk             ||    19
Armor: Robe              ||    75
Dodge: Dodged            ||    84

Table legend:
 A = Non-vault XP
 B = Vault XP
 C = Vault XP percentage of total XP
 D = Non-vault monster count
 E = Vault monster count
 F = Vault count percentage of total count
                 A         B        C        D         E       F
            +---------+---------+-------+---------+---------+-------
      Total |      80 |       0 |   0.0 |      36 |       0 |   0.0
            +---------+---------+-------+---------+---------+-------
        D:1 |      17 |       0 |   0.0 |      10 |       0 |   0.0
        D:2 |      42 |       0 |   0.0 |      19 |       0 |   0.0
        D:3 |      21 |       0 |   0.0 |       7 |       0 |   0.0
            +---------+---------+-------+---------+---------+-------
